 Dungeon Crawl Stone Soup version 0.22-a0-533-g4d20840 (webtiles) character file.

2816 kae the Carver (level 9, -8/79 HPs)
             Began as a Minotaur Fighter on June 22, 2018.
             Was a Believer of Qazlal.
             Splashed by Maurice's acid (9 damage)
             ... on level 7 of the Dungeon.
             The game lasted 00:05:19 (6833 turns).

kae the Carver (Minotaur Fighter)                   Turns: 6833, Time: 00:05:19

Health: -8/79      AC:  5    Str: 23    XL:     9   Next: 44%
Magic:  11/11      EV: 11    Int:  6    God:    Qazlal [**....]
Gold:   292        SH: 13    Dex: 13    Spells: 8/8 levels left

rFire    . . .     SeeInvis .   p - +1 scimitar (vamp)
rCold    . . .     Gourm    .   c - +0 shield
rNeg     . . .     Faith    .   b - +0 scale mail
rPois    .         Spirit   .   (helmet restricted)
rElec    .         Reflect  .   (no cloak)
rCorr    .         Harm     .   (no gloves)
MR       .....                  k - +0 pair of boots
Stlth    ..........             v - amulet of magic regeneration
HPRegen  0.23/turn              m - ring of fire
MPRegen  0.37/turn              g - ring "Siwnidust" {Ice Dex+3 Slay+6}

@: corroded
A: retaliatory headbutt, horns 2
a: Upheaval, Renounce Religion


You were on level 7 of the Dungeon.
You worshipped Qazlal.
Qazlal was pleased with you.
You were not hungry.

You visited 2 branches of the dungeon, and saw 9 of its levels.

You collected 292 gold pieces.

Inventory:

Hand Weapons
 a - a +0 long sword
 p - a +1 vampiric scimitar (weapon)
 r - a +0 falchion
Armour
 b - a +0 scale mail (worn)
 c - a +0 shield (worn)
 k - a +0 pair of boots (worn)
Jewellery
 g - the ring "Siwnidust" (right hand) {Ice Dex+3 Slay+6}
   (You found it on level 4 of the Dungeon)

   [ring of ice]

   It enhances your ice magic.
   It affects your dexterity (+3).
   It affects your accuracy and damage with ranged weapons and melee attacks
   (+6).
   It makes you vulnerable to fire.
   It protects you from cold.
 m - a ring of fire (left hand)
 v - an amulet of magic regeneration (around neck)
Wands
 o - a wand of paralysis (11)
 u - a wand of polymorph (6)
 y - a wand of digging (10)
Scrolls
 h - 4 scrolls of teleportation
 n - 3 scrolls of remove curse
 q - a scroll of acquirement
 z - 2 scrolls of identify
 E - a scroll of magic mapping
Potions
 d - 2 potions of might
 e - a potion of degeneration
 i - 2 potions of flight
 j - 3 potions of brilliance
 w - a potion of haste {unknown}
 A - a potion of resistance {unknown}
 B - 2 potions of lignification {unknown}
 D - a potion of agility
Comestibles
 f - 9 rations


   Skills:
 + Level 7.3 Fighting
 * Level 9.4 Long Blades
 + Level 7.3 Armour
 + Level 5.6 Dodging
 + Level 4.9 Shields
 + Level 4.1 Invocations


You had 8 spell levels left.
You didn't know any spells.
Your spell library contained the following spells:

 Spells                   Type           Power        Failure   Level  Hunger
 Spider Form              Tmut/Pois      #.........   100%        3    ####...
 Blade Hands              Tmut           #.........   100%        5    ######.
 Ice Form                 Ice/Tmut       #.......     100%        4    #####..
 Sticks to Snakes         Tmut           #.......     99%         2    ###....
 Beastly Appendage        Tmut           #.....       99%         1    ##.....


Dungeon Overview and Level Annotations

Branches:
Dungeon (8/15)             Temple (1/1) D:4
   Lair: D:8-11

Altars:
Ashenzari
Cheibriados
Dithmenos
Elyvilon
Fedhas
Gozag
Hepliaklqana
Kikubaaqudgha
Makhleb
Nemelex Xobeh
Qazlal
Ru
Sif Muna
Trog
Uskayaw
Vehumet
Wu Jian
Xom
Yredelemnul
Zin
The Shining One

Annotations:
D:3 1 transporter, 1 runed door, junkhipster's ghost, amateur FoFi
D:8 Maurice


Innate Abilities, Weirdness & Mutations

You reflexively headbutt those who attack you in melee.
You have a pair of horns on your head.


Message History

You start resting.
You feel sick. Something hits you but does no damage.
You are more poisoned.
You start resting.
You feel sick. Something hits you but does no damage.
You feel better. Something hits you.
Something steals 3 of your 7 scrolls of teleportation!
As you read the scroll labeled QAMINA NEQO, it crumbles to dust.
Your body is wracked with pain!
* * * LOW HITPOINT WARNING * * *
It was a scroll of torment.
Something hits you.
* * * LOW HITPOINT WARNING * * *
Something steals your large granite ring!
As you read the scroll labeled COAGOCKIUNG, it crumbles to dust.
You hear a burbling brook.
It was a scroll of random uselessness.
You hear a zap.
A bolt of acid appears from out of thin air!
The bolt of acid hits you!
* * * LOW HITPOINT WARNING * * *
You are splashed with acid!
The acid burns!
You die...

...#.....##......##...........#..
...#.....'....................#..
...#.....#.......##...####.##.##.
..##.....#.......##...####'##.###
..##.....#.......#.....#...#.....
..##'######......+.....#...#.....
..##.....##########....#...#.....
.........##......##....#...#.....
.........'......@......#...#.....
.........#.............#...#.....
.........#.............#...#.....
#################################


There were no monsters in sight!

Vanquished Creatures
  2 hippogriffs
  A hungry ghost (D:7)
  Menkaure (D:6)
  Edmund (D:5)
  2 water moccasins (D:7)
  An ice beast (D:6)
  A sky beast (D:6)
  2 necrophages (D:7)
  2 ogres
  4 centaurs
  4 bullfrogs
  A scorpion (D:5)
  A water moccasin skeleton (D:4)
  A crimson imp (D:7)
  A bullfrog zombie (D:5)
  A quasit (D:5)
  2 jellies
  2 orc priests (D:5)
  A bullfrog skeleton (D:6)
  A centaur skeleton (D:7)
  3 orc wizards
  3 worker ants
  A hound skeleton (D:5)
  A howler monkey zombie (D:5)
  A worker ant zombie (D:6)
  A gnoll (D:1)
  7 adders
  A shadow imp (D:5)
  2 adder zombies (D:5)
  5 worms
  5 dart slugs
  6 leopard geckos
  18 orcs
  5 bats
  4 giant cockroaches
  10 hobgoblins
  5 jackals
  10 kobolds
  4 quokkas
  2 frilled lizards
  8 goblins
  7 rats
141 creatures vanquished.

Vanquished Creatures (others)
  A withered plant (D:3)
1 creature vanquished.

Grand Total: 142 creatures vanquished

Notes
Turn   | Place    | Note
-------+----------+-------------------------------------------
     0 | D:1      | kae the Minotaur Fighter began the quest for the Orb.
     0 | D:1      | Reached XP level 1. HP: 19/19 MP: 0/0
   109 | D:1      | Reached skill level 3 in Long Blades
   109 | D:1      | Reached XP level 2. HP: 15/27 MP: 1/1
   390 | D:1      | Reached skill level 1 in Dodging
   393 | D:1      | Reached XP level 3. HP: 27/33 MP: 2/2
  1129 | D:2      | Reached XP level 4. HP: 27/40 MP: 3/3
  1390 | D:2      | Reached skill level 4 in Long Blades
  2081 | D:3      | Found a sparkling altar of Nemelex Xobeh.
  2081 | D:3      | Found a transporter.
  2349 | D:3      | Found a runed door.
  2349 | D:3      | Noticed junkhipster's ghost (amateur FoFi)
  2669 | D:4      | Noticed an ogre
  2677 | D:4      | Killed an ogre
  2677 | D:4      | Reached XP level 5. HP: 17/47 MP: 4/4
  2711 | D:4      | Found a glowing golden altar of the Shining One.
  2718 | D:4      | Got a shimmering steel ring
  2781 | D:4      | Reached skill level 5 in Long Blades
  2781 | D:4      | Reached XP level 6. HP: 39/55 MP: 5/5
  2932 | D:4      | Found a white marble altar of Elyvilon.
  2960 | D:4      | Found a staircase to the Ecumenical Temple.
  3153 | Temple   | Entered the Ecumenical Temple
  3187 | Temple   | Became a worshipper of Qazlal Stormbringer
  3612 | D:5      | Entered Level 5 of the Dungeon
  3619 | D:4      | Reached skill level 5 in Fighting
  3789 | D:5      | Reached skill level 5 in Armour
  3923 | D:5      | HP: 2/56 [howler monkey zombie (6)]
  3944 | D:5      | Reached skill level 6 in Long Blades
  3950 | D:5      | HP: 2/56 [centaur/arrow (6)]
  4304 | D:5      | Reached XP level 7. HP: 55/61 MP: 6/6
  4455 | D:5      | Noticed Edmund
  4475 | D:5      | Killed Edmund
  4475 | D:5      | Reached skill level 1 in Invocations
  4543 | D:5      | Noticed a hippogriff
  4549 | D:5      | Killed a hippogriff
  4549 | D:5      | Reached skill level 7 in Long Blades
  4552 | D:5      | Reached * piety under Qazlal
  4790 | D:5      | Reached XP level 8. HP: 68/70 MP: 8/8
  5256 | D:6      | Identified a scroll of acquirement
  5263 | D:6      | Identified the ring "Siwnidust" {Ice Dex+3 Slay+6} (You found it on level 4 of the Dungeon)
  5373 | D:6      | Reached skill level 8 in Long Blades
  5694 | D:6      | Noticed Menkaure
  5698 | D:6      | Killed Menkaure
  5698 | D:6      | Reached skill level 5 in Dodging
  6324 | D:7      | Reached XP level 9. HP: 78/78 MP: 10/10
  6359 | D:7      | Reached skill level 9 in Long Blades
  6441 | D:7      | Reached ** piety under Qazlal
  6819 | D:8      | Noticed Maurice
  6833 | D:7      | HP: 1/79 [something/wand of acid (3) (12)]
  6833 | D:7      | Splashed by Maurice's acid

Vault maps used:
D:1:      ebering_trefoil_twist
D:2:      first_ration
D:3:      gammafunk_ghost_grave, grunt_nemelex_the_gamble
D:4:      kennysheep_mini_moat, minmay_temple_entry_statues_fountains,
          portal_sewer_entry_d, tso_metal_star
D:5:      uniq_edmund
D:6:      uniq_menkaure
D:8:      small_chamber_with_monster, uniq_pikel, uniq_maurice
Temple:   nicolae_temple_the_god_donut

Skill      XL: |  1  2  3  4  5  6  7  8  9 |
---------------+----------------------------+-----
Long Blades    | 3 4 5 6 7 8 9 |  9.4
Dodging        | 1 2 3 4 5 |  5.6
Fighting       | 4 5 6 7 |  7.3
Armour         | 4 5 6 7 |  7.3
Invocations    | 2 3 4 |  4.1
Shields        | 4 |  4.9

Action                   |  1- 3 |  4- 6 |  7- 9 || total
-------------------------+-------+-------+-------++-------
Melee: Long sword        |    65 |    88 |       ||   153
       Headbutt          |    12 |    41 |    45 ||    98
       Falchion          |       |    76 |    83 ||   159
       Scimitar          |       |       |    84 ||    84
  Use: Scroll            |       |     8 |     8 ||    16
       Potion            |       |     3 |     2 ||     5
  Eat: Chunk             |       |     7 |     6 ||    13
       Ration            |       |     1 |     2 ||     3
Armor: Scale mail        |    17 |    63 |    52 ||   132
Dodge: Dodged            |    27 |    50 |    43 ||   120
Block: Shield            |    38 |    79 |    86 ||   203
       Rpst.: Long sword |     9 |     3 |       ||    12
       Falchion          |       |     7 |     6 ||    13
       Scimitar          |       |       |     4 ||     4

Table legend:
 A = Spawn XP
 B = Non-spawn XP
 C = Spawn XP percentage of total XP
 D = Spawn monster count
 E = Non-spawn monster count
 F = Spawn count percentage of total count
 G = Total turns spent on level
                    A         B        C        D         E        F      G
               +---------+---------+-------+---------+---------+-------+---------
         Total |       0 |    4023 |   0.0 |       0 |     141 |   0.0 |  6833
               +---------+---------+-------+---------+---------+-------+---------
           D:1 |       0 |      63 |   0.0 |       0 |      25 |   0.0 |   861
           D:2 |       0 |      95 |   0.0 |       0 |      26 |   0.0 |  1099
           D:3 |       0 |      35 |   0.0 |       0 |      13 |   0.0 |   677
           D:4 |       0 |     247 |   0.0 |       0 |       9 |   0.0 |  1395
           D:5 |       0 |    1362 |   0.0 |       0 |      32 |   0.0 |  1154
           D:6 |       0 |     939 |   0.0 |       0 |      17 |   0.0 |  1066
           D:7 |       0 |    1247 |   0.0 |       0 |      17 |   0.0 |   504
           D:8 |       0 |      35 |   0.0 |       0 |       2 |   0.0 |     8
               +---------+---------+-------+---------+---------+-------+---------
